 Dungeon Crawl Stone Soup version 0.27-a0-972-gd1521fd518 (webtiles) character file.

Game seed: 14407979801645505570

1231 Lanoc the Frost Mage (level 8, -1/52 HPs)
             Began as a Merfolk Ice Elementalist on Apr 13, 2021.
             Was a Priest of Nemelex Xobeh.
             Succumbed to Edmund's poison
             ... on level 5 of the Dungeon.
             The game lasted 00:08:59 (6751 turns).

Lanoc the Frost Mage (Merfolk Ice Elementalist)     Turns: 6751, Time: 00:08:59

Health: -1/52      AC:  2    Str:  8    XL:     8   Next: 48%
Magic:  5/11       EV: 16    Int: 16    God:    Nemelex Xobeh [***...]
Gold:   225        SH:  0    Dex: 15    Spells: 4/11 levels left

rFire    . . .     SeeInvis .   d - +2 hand axe (vamp)
rCold    . . .     Faith    .   (no shield)
rNeg     + . .     Spirit   .   a - +0 robe
rPois    .         Reflect  .   (no helmet)
rElec    .         Harm     .   (no cloak)
rCorr    .         Rampage  .   (no gloves)
Will     .....                  (no boots)
Stlth    ++........             (no amulet)
HPRegen  0.17/turn              g - ring of positive energy
MPRegen  0.12/turn              o - ring of wizardry

@: lethally poisoned (-1 -> -37), freezing walls
A: (nimble swimmer 2), mertail
a: Renounce Religion, Draw Escape, Draw Destruction, Draw Summoning, Triple Draw


You were on level 5 of the Dungeon.
You worshipped Nemelex Xobeh.
Nemelex Xobeh was most pleased with you.
You visited 1 branch of the dungeon, and saw 5 of its levels.
You also visited: Ossuary.

You collected 225 gold pieces.

Inventory:

Hand Weapons
 d - a +2 vampiric hand axe (weapon)
 l - a +1 spear of venom
Missiles
 f - 6 atropa-tipped darts
Armour
 a - a +0 robe (worn)
Jewellery
 g - a ring of positive energy (left hand)
 o - a ring of wizardry (right hand)
Wands
 p - a wand of acid (6)
 C - a wand of mindburst (21)
Scrolls
 c - 3 scrolls of identify
 e - 2 scrolls of teleportation
 j - 2 scrolls of torment {unknown}
 m - a scroll of enchant weapon
 q - 2 scrolls of immolation
 s - 3 scrolls of noise {unknown}
 w - a scroll of fog {unknown}
 y - a scroll of amnesia
 B - a scroll of magic mapping {unknown}
Potions
 b - a potion of mutation
 h - 3 potions of ambrosia
 i - 6 potions of curing
 k - a potion of resistance
 n - 2 potions of lignification
 r - 6 potions of degeneration {unknown}
 t - a potion of cancellation {unknown}
 u - a potion of heal wounds {unknown}
 v - 2 potions of haste {unknown}
 x - a potion of magic {unknown}
 z - 2 potions of attraction {unknown}
 A - 2 potions of flight {unknown}


   Skills:
 + Level 7.9 Dodging
 - Level 2.1 Stealth
 - Level 2.0 Spellcasting
 * Level 9.9 Ice Magic


You had 4 spell levels left.
You knew the following spells:

 Your Spells              Type           Power      Damage    Failure   Level
a - Freeze                Ice            100%       1d11      1%          1
b - Frozen Ramparts       Ice            66%        1d8       1%          3
c - Ozocubu's Armour      Ice            33%        N/A       1%          3

Your spell library contained the following spells:

 Spells                   Type           Power      Damage    Failure   Level
 Magic Dart               Conj           4%         1d3       9%          1
 Summon Small Mammal      Summ           4%         N/A       9%          1
 Hailstorm                Conj/Ice       17%        3d6       11%         4
 Summon Ice Beast         Ice/Summ       17%        N/A       11%         4
 Blink                    Tloc           N/A        N/A       12%         2
 Call Imp                 Summ           1%         N/A       12%         2
 Slow                     Hex            1%         N/A       12%         2
 Call Canine Familiar     Summ           1%         N/A       24%         3
 Conjure Flame            Conj/Fire      1%         6-21      24%         3
 Mephitic Cloud           Conj/Pois/Air  1%         N/A       24%         3
 Summon Guardian Golem    Hex/Summ       1%         N/A       24%         3
 Summon Lightning Spire   Summ/Air       1%         N/A       58%         4
 Metabolic Englaciation   Hex/Ice        8%         N/A       28%         5


Dungeon Overview and Level Annotations

Branches:
Dungeon (5/15)            Ossuary (visited)
 Temple: D:4-7

Altars:
Nemelex Xobeh
Sif Muna


Innate Abilities, Weirdness & Mutations

((You are quick and stealthy near water. (Stealth+, EV+, Speed+++)))
Your lower body shifts to a powerful aquatic tail in water.


Message History

You hit Edmund.
Edmund is moderately wounded.
The wall freezes Edmund.
Edmund hits you with a +4 dire flail of venom!
You are poisoned.
The wall freezes Edmund!
Edmund hits you with a +4 dire flail of venom!
You are more poisoned.
Casting: Frozen Ramparts (safe; 1% risk of failure)
Confirm with . or Enter, or press ? or * to list all spells.
Aiming: Freeze (safe; 1% risk of failure)
Press: ? - help, Shift-Dir - straight line, f - Edmund
Aim: Edmund, wielding a +4 dire flail of venom and wearing a +0 chain mail (heavily wounded)
You freeze Edmund.
Edmund is severely wounded.
You feel extremely sick.
The wall freezes Edmund.
Edmund gestures with his flail.
Edmund completely misses you.
Casting: Freeze (safe; 1% risk of failure)
Confirm with . or Enter, or press ? or * to list all spells.
Aiming: Freeze (safe; 1% risk of failure)
Press: ? - help, Shift-Dir - straight line, f/p - Edmund
Aim: Edmund, wielding a +4 dire flail of venom and wearing a +0 chain mail (severely wounded)
You freeze Edmund.
Edmund is almost dead.
You feel very sick.
The wall freezes Edmund.
Edmund hits you with a +4 dire flail of venom!
* * * LOW HITPOINT WARNING * * *
You are more poisoned.
Casting: Freeze (safe; 1% risk of failure)
Confirm with . or Enter, or press ? or * to list all spells.
Aiming: Freeze (safe; 1% risk of failure)
Press: ? - help, Shift-Dir - straight line, f/p - Edmund
Aim: Edmund, wielding a +4 dire flail of venom and wearing a +0 chain mail (almost dead)
You freeze Edmund!
You kill Edmund!
You die...
Your body glows with a rainbow of weird colours and disappears.

#.# ..# #.# #.# #.#
#.# #.# #.#######
#.# #.#.....# #.#
#.##.##.# #.#
#.##.#..#
#.#########.##.#.##
#..............#@#
#..#######.#####)#
#..# #.# #.#
#..#### #.# #.#
#.....# #.. ..#
#..##.# ### ###
#..##.# #.###.# #.#
#.#


There were no monsters in sight!

Vanquished Creatures
  Sigmund (D:2)
  Edmund (D:5)
  Duvessa (D:4)
  A centaur (D:5)
  3 scorpions
  2 water moccasin skeletons
  Dowan (D:4)
  A wyvern skeleton (D:5)
  2 hounds (D:5)
  A centaur zombie (Ossuary)
  2 jellies
  A human zombie (Ossuary)
  2 centaur skeletons
  Jessica (D:2)
  Ijyb (D:3)
  2 orc wizards (D:5)
  4 mummies
  4 gnolls (D:3)
  An ufetubus (D:4)
  2 worms
  2 dart slugs (D:1)
  7 orcs
  6 endoplasms
  2 gnoll zombies (Ossuary)
  5 goblins
  3 hobgoblins
  11 jackals
  3 kobolds
  A quokka (D:4)
  3 ball pythons
  4 bats
  2 frilled lizards (D:1)
  3 hobgoblin zombies
  2 kobold zombies (Ossuary)
  An orc zombie (Ossuary)
  4 rats
93 creatures vanquished.

Notes
Turn   | Place    | Note
-------+----------+-------------------------------------------
     0 | D:1      | Lanoc the Merfolk Ice Elementalist began the quest for the
                  | Orb.
     0 | D:1      | Reached XP level 1. HP: 13/13 MP: 3/3
   208 | D:1      | Reached XP level 2. HP: 19/19 MP: 0/5
   462 | D:1      | Found a faded altar of an unknown god.
   467 | D:1      | Became a worshipper of Nemelex Xobeh the Trickster
   467 | D:1      | Reached * piety under Nemelex Xobeh
   467 | D:1      | Received a gift from Nemelex Xobeh
   660 | D:1      | Reached skill level 5 in Ice Magic
  1141 | D:1      | Reached XP level 3. HP: 23/24 MP: 3/6
  1327 | D:1      | Learned a level 3 spell: Frozen Ramparts
  2143 | D:2      | Reached ** piety under Nemelex Xobeh
  2346 | D:2      | Noticed Jessica
  2352 | D:2      | Killed Jessica
  2353 | D:2      | Reached XP level 4. HP: 30/30 MP: 4/7
  2597 | D:2      | Noticed Sigmund
  2605 | D:2      | Killed Sigmund
  2606 | D:2      | Reached skill level 5 in Dodging
  2606 | D:2      | Reached skill level 6 in Ice Magic
  2606 | D:2      | Reached XP level 5. HP: 2/35 MP: 4/8
  2606 | D:2      | Reached XP level 6. HP: 3/41 MP: 4/9
  3599 | D:3      | Reached skill level 7 in Ice Magic
  3718 | D:3      | Noticed Ijyb
  3724 | D:3      | Killed Ijyb
  4012 | D:4      | Noticed Dowan
  4020 | D:4      | Noticed Duvessa
  4034 | D:4      | Killed Dowan
  4035 | D:4      | Killed Duvessa
  4036 | D:4      | Reached XP level 7. HP: 22/46 MP: 0/10
  4059 | D:4      | Reached skill level 8 in Ice Magic
  4326 | D:4      | Found a sand-covered staircase.
  4335 | Ossuary  | Entered an ossuary
  5164 | D:4      | Reached *** piety under Nemelex Xobeh
  5319 | D:4      | Found a shimmering blue altar of Sif Muna.
  5342 | D:4      | Received a gift from Nemelex Xobeh
  5522 | D:5      | Entered Level 5 of the Dungeon
  5527 | D:5      | Reached skill level 9 in Ice Magic
  5630 | D:5      | Reached XP level 8. HP: 52/52 MP: 7/11
  6157 | D:5      | Learned a level 3 spell: Ozocubu's Armour
  6742 | D:5      | Noticed Edmund
  6751 | D:5      | Killed Edmund
  6751 | D:5      | Succumbed to Edmund's poison

Illustrated notes

Levels and vault maps discovered:
D:1:      sevenhm_arrival_forest_fort_small_6, layout_basic,
          basic_ecumenical_altar
D:2:      layout_loops_corners, corexii_item_surrounded_by_moat, uniq_sigmund,
          uniq_jessica
D:3:      layout_basic, uniq_ijyb
D:4:      layout_loops_cross, lemuel_round_altar, nicolae_ossuary_entry_giza,
          uniq_duvessa
D:5:      layout_basic, gammafunk_temple_overflow_wave, uniq_edmund

Skill      XL: |  1  2  3  4  5  6  7 |
---------------+----------------------+-----
Dodging        | 3 5 6 7 |  7.9
Ice Magic      | 5 6 7 9 |  9.9
Stealth        | |  2.1
Spellcasting   | |  2.0

Action                   |  1- 3 |  4- 6 |  7- 9 || total
-------------------------+-------+-------+-------++-------
Melee: Unarmed           |    45 |     1 |       ||    46
       Spear             |       |    34 |    17 ||    51
       Hand axe          |       |       |   109 ||   109
 Cast: Freeze            |    49 |     7 |     5 ||    61
       Frozen Ramparts   |     1 |    10 |    28 ||    39
  Use: Scroll            |       |     9 |     1 ||    10
       Potion            |       |       |     2 ||     2
 Stab: Sleeping          |     1 |       |     2 ||     3
Armor: Robe              |    13 |       |    23 ||    36
Dodge: Dodged            |    55 |    23 |   113 ||   191

Table legend: (Time is in decaauts)
 A = Elapsed time spent in this place.
 B = Non-inter-level travel time spent in this place.
 C = Inter-level travel time spent in this place.
 D = Time resting spent in this place.
 E = Time spent auto-exploring this place.
 F = Levels seen in this place.
 G = Mean time per level.
                   A        B        C        D        E       F      G
               +--------+--------+--------+--------+--------+-----+--------+
         Total |   6787 |   6699 |     88 |    353 |   5309 |   6 | 1131.2 |
       Dungeon |   6010 |   5922 |     88 |      6 |   5101 |   5 | 1202.0 |
       Ossuary |    777 |    777 |      0 |    347 |    208 |   1 |  777.0 |
               +--------+--------+--------+--------+--------+-----+--------+

Top non-repeatable levels by time:
     D:1: 1780 daAuts
     D:2: 1307 daAuts
     D:5: 1241 daAuts
     D:3: 889 daAuts
     D:4: 791 daAuts
 Ossuary: 777 daAuts
